 Dungeon Crawl Stone Soup version 0.22-a0-280-g69bf1f3 (webtiles) character file.

72 lilbarb the Skirmisher (level 4, -5/30 HPs)
             Began as a Gargoyle Fighter on Mar 16, 2018.
             Killed by nerve-wracking pain
             ... invoked by Grinder
              (7 damage)
             ... on level 3 of the Dungeon.
             The game lasted 00:03:28 (1564 turns).

lilbarb the Skirmisher (Gargoyle Fighter)           Turns: 1564, Time: 00:03:29

Health: -5/30      AC: 10    Str: 26    XL:     4   Next: 26%
Magic:  4/4        EV:  7    Int:  8    God:
Gold:   42         SH:  9    Dex:  9    Spells: 3/3 levels left

rFire    . . .     SeeInvis .   a - +0 flail
rCold    . . .     Gourm    .   c - +0 shield
rNeg     + . .     Faith    .   b - +0 scale mail
rPois    ∞         Spirit   .   (no helmet)
rElec    +         Reflect  .   (no cloak)
rCorr    .         Harm     .   (no gloves)
MR       .....                  (no boots)
Stlth    ..........             (no amulet)
HPRegen  0.10/turn              (no ring)
MPRegen  0.09/turn              (no ring)

@: mighty
A: negative energy resistance 1, electricity resistance, unbreathing,
petrification resistance, rot immunity, AC +3
a: no special abilities


You were on level 3 of the Dungeon.
You were not hungry.

You visited 1 branch of the dungeon, and saw 3 of its levels.

You collected 42 gold pieces.

Inventory:

Hand Weapons
 a - a +0 flail (weapon)
Armour
 b - a +0 scale mail (worn)
 c - a +0 shield (worn)
Scrolls
 h - a scroll of immolation {unknown}
 i - 3 scrolls of remove curse {unknown}
 l - a scroll of enchant weapon {unknown}
 m - 3 scrolls of identify {unknown}
 n - a scroll of blinking {unknown}
 p - a scroll of teleportation {unknown}
 q - a scroll of magic mapping {unknown}
Potions
 e - 2 potions of agility {unknown}
 g - a potion of mutation {unknown}
 j - 2 potions of berserk rage {unknown}
 o - a potion of haste {unknown}
Comestibles
 f - 3 rations
 k - a chunk of flesh


   Skills:
 + Level 4.4 Fighting
 + Level 3.4 Maces & Flails
 - Level 3.2 Armour
 - Level 3.2 Shields


You had 3 spell levels left.
You didn't know any spells.

Dungeon Overview and Level Annotations

Branches:
Dungeon (3/15)

Altars:
Trog
Uskayaw

Annotations:
D:3 Grinder


Innate Abilities, Weirdness & Mutations

You are resistant to torment.
Your stone body is resilient. (AC +3)
You are immune to poison.
You resist negative energy. (rN+)
You are resistant to electric shocks. (rElec)
You can survive without breathing.
You are immune to petrification.
You are immune to rotting.


Message History

Grinder blinks!
Grinder gestures at you. Pain shoots through your body!
* * * LOW HITPOINT WARNING * * *
Unknown command.
You feel very mighty all of a sudden. Grinder gestures at you.
You suddenly lose the ability to move!
Grinder barely misses you. Grinder hits you.
* * * LOW HITPOINT WARNING * * *
Grinder blinks!
You can move again.
Unknown command.
Grinder blinks!
Grinder gestures at you.
You barely resist. Grinder gestures at you. Pain shoots through your body!
You die...

# ### #. #<#
#.#######.#
#.###.........#
#........######
#..#####.#
#..#<..#.#
#..##.##@#
#..##.##.#
#..#...5.#
#........#
##.#####.# #.#
#.# #.# #.# #.#
#.# #.. ...


You could see Grinder.

Vanquished Creatures
  2 adders (D:2)
  An ooze (D:1)
  4 worms (D:2)
  A dart slug (D:2)
  A leopard gecko (D:2)
  4 giant cockroaches
  2 hobgoblins
  4 bats
  6 frilled lizards
  6 goblins
  3 kobolds
  5 rats
39 creatures vanquished.

Notes
Turn   | Place    | Note
-------+----------+-------------------------------------------
     0 | D:1      | lilbarb the Gargoyle Fighter began the quest for the Orb.
     0 | D:1      | Reached XP level 1. HP: 14/14 MP: 1/1
   198 | D:1      | Reached XP level 2. HP: 19/20 MP: 2/2
   435 | D:1      | Reached skill level 4 in Fighting
   660 | D:2      | Found a bloodstained altar of Trog.
   741 | D:2      | Reached XP level 3. HP: 20/24 MP: 3/3
  1101 | D:2      | Found a hide-covered altar of Uskayaw.
  1115 | D:2      | Reached XP level 4. HP: 29/30 MP: 4/4
  1543 | D:3      | Noticed Grinder
  1543 | D:3      | Paralysed by Grinder for 3 turns
  1553 | D:3      | Paralysed by Grinder for 6 turns
  1557 | D:3      | HP: 1/30 [Grinder (5)]
  1564 | D:3      | Killed from afar by Grinder

Vault maps used:
D:1:      noname_arrival_rooms_in_the_neighbourhood
D:2:      lemuel_crystal_altar, lightli_temple_of_fire,
          kennysheep_generic_room_10
D:3:      ashenzari_altar_1, serial_glass, glass_columns_b, glass_columns_a,
          bh_walls_and_bars, uniq_grinder

Skill      XL: |  1  2  3 |
---------------+----------+-----
Fighting       | 4 |  4.4
Maces & Flails | 3 |  3.4
Armour         | |  3.2
Shields        | |  3.2

Action                   |  1- 3 |  4- 6 || total
-------------------------+-------+-------++-------
Melee: Flail             |    96 |    32 ||   128
  Use: Potion            |       |     1 ||     1
  Eat: Chunk             |     1 |     1 ||     2
Armor: Scale mail        |    40 |    14 ||    54
Dodge: Dodged            |    32 |    12 ||    44
Block: Shield            |    41 |    17 ||    58

Table legend:
 A = Spawn XP
 B = Non-spawn XP
 C = Spawn XP percentage of total XP
 D = Spawn monster count
 E = Non-spawn monster count
 F = Spawn count percentage of total count
 G = Total turns spent on level
                    A         B        C        D         E        F      G
               +---------+---------+-------+---------+---------+-------+---------
         Total |       0 |     104 |   0.0 |       0 |      39 |   0.0 |  1564
               +---------+---------+-------+---------+---------+-------+---------
           D:1 |       0 |      31 |   0.0 |       0 |      18 |   0.0 |   631
           D:2 |       0 |      72 |   0.0 |       0 |      20 |   0.0 |   886
           D:3 |       0 |       1 |   0.0 |       0 |       1 |   0.0 |    47
               +---------+---------+-------+---------+---------+-------+---------
